 Dungeon Crawl Stone Soup version 0.32-a0-18-g89e19f1974 (webtiles) character file.

Game seed: 12252685954042884882

419 kae the Conjurer (level 6, 0/32 HPs)
             Began as a Tengu Fire Elementalist on Jan 16, 2024.
             Slain by an orc
             ... wielding a +4 dagger
              (7 damage)
             ... on level 8 of the Dungeon.
             The game lasted 00:03:11 (3101 turns).

kae the Conjurer (Tengu Fire Elementalist)          Turns: 3101, Time: 00:03:11

Health: 0/32       AC:  2    Str:  8    XL:     6   Next: 93%
Magic:  7/12       EV: 12    Int: 17    God:
Gold:   158        SH:  0    Dex: 17    Spells: 5/11 levels left

rFire   + . .        i - +4 short sword
rCold   + . .        (no shield)
rNeg    . . .        a - +0 robe
rPois   .            (helmet restricted)
rElec   +            (no cloak)
rCorr   .            (no gloves)
SInv    .            (boots unavailable)
Will    .....        (no amulet)
Stlth   ++           f - ring of Ratamaf {rElec rF+ rC+ Dex+2}
HPRegen 0.25/turn    (no ring)
MPRegen 0.13/turn

%: acrobat
@: no status effects
A: beak, talons 3, acrobatic
a: no special abilities


You were on level 8 of the Dungeon.
You visited 1 branch of the dungeon, and saw 6 of its levels.

You collected 158 gold pieces.


Innate Abilities, Weirdness & Mutations

You have a beak for a mouth.
You have claws for feet.
You can magically evade attacks while moving or waiting.


   Skills:
 - Level 2.1 Dodging
 - Level 2.0 Stealth
 + Level 3.3 Spellcasting
 * Level 5.8 Conjurations
 * Level 5.7 Fire Magic


You had 5 spell levels left.
You knew the following spells:

 Your Spells              Type           Power      Damage    Failure   Level
a - Foxfire               Conj/Fire      88%        2x1d8     1%          1
b - Scorch                Fire           44%        2d6       2%          2
c - Inner Flame           Hex/Fire       12%        N/A       16%         3

Your spell library contained the following spells:

 Spells                   Type           Power      Damage    Failure   Level
 Momentum Strike          Conj/Tloc      24%        3d8       8%          2
 Volatile Blastmotes      Fire/Tloc      24%        2d12      16%         3
 Flame Wave               Conj/Fire      22%        2d8       16%         4
 Necrotise                Necr           8%         1d4       17%         1
 Blink                    Tloc           4%         N/A       26%         2
 Ensorcelled Hibernation  Hex/Ice        4%         N/A       26%         2
 Lesser Beckoning         Tloc           4%         N/A       26%         2
 Passwall                 Erth           2%         N/A       45%         3
 Swiftness                Air            2%         N/A       45%         3
 Vampiric Draining        Necr           2%         2d6       45%         3
 Martyr's Knell           Necr/Summ      2%         N/A       86%         4
 Curse of Agony           Necr           2%         N/A       99%         5

Inventory:

Hand Weapons
 i - a +4 short sword (weapon)
   (You took it off an orc on level 2 of the Dungeon)
Missiles
 d - 33 stones
Armour
 a - a +0 robe (worn)
Magical Staves
 j - a staff of fire {!a}
   (You found it on level 3 of the Dungeon)
 o - a staff of earth {!a}
   (You found it on level 2 of the Dungeon)
Jewellery
 f - the ring of Ratamaf (left hand) {rElec rF+ rC+ Dex+2}
   (You acquired it on level 3 of the Dungeon)

   [ring of protection from cold]

   Dex+2:     It affects your dexterity (+2).
   rF+:       It protects you from fire.
   rC+:       It protects you from cold.
   rElec:     It insulates you from electricity.
Scrolls
 k - a scroll of teleportation {@r4}
 l - a scroll of identify {@r1}
 m - a scroll of revelation {unknown}
 p - a scroll of fear {unknown}
 r - a scroll of fog
 s - a scroll of blinking {unknown}
Potions
 b - a potion of magic
 c - a potion of brilliance
 e - 2 potions of curing {unknown}
 g - a potion of heal wounds {@q2}
 h - a potion of mutation {unknown}
 n - a potion of attraction {unknown}
 q - a potion of haste {unknown}

Dungeon Overview and Level Annotations

Branches:
Dungeon (5/15) Zot: 26988
 Temple: D:4-7

Altars:
Kikubaaqudgha
Xom

Shops:
D:5 *

Annotations:
D:4 Dowan, Duvessa

# .## #### #
... #...#.#
#.###......#
#)#o......#
#oc.......
#.@.......
#..!......
##.......#
##.....##
#...## #.##
.# .#


You could see a centaur and 2 orcs.


Message History

You lost 1 mp, and now have 10/12 mp.
Casting: Foxfire (safe; 1% risk of failure)
Confirm with . or Enter, or press ? or * to list all spells.
You conjure some foxfire!
An orc comes into view. It is wielding a +0 short sword.
The foxfire hits the orc.
You kill the orc! 😎 MP[-1]
You lost 1 mp, and now have 9/12 mp.
Casting: Foxfire (safe; 1% risk of failure)
Confirm with . or Enter, or press ? or * to list all spells.
You conjure some foxfire!
The foxfire hits the orc but does no damage.
The foxfire hits the orc but does no damage.
An orc is nearby!
Casting: Foxfire (safe; 1% risk of failure)
Confirm with . or Enter, or press ? or * to list all spells.
You conjure some foxfire!
The foxfire hits the orc.
The foxfire hits the orc. x2
You kill the orc! 😎 MP[-1]
You lost 1 mp, and now have 8/12 mp.
There is an open door here.
d - 33 stones (gained 3)
Found an ancient bone altar of Kikubaaqudgha. 😎 MP[+4]
Your mp is fully restored (12).
r - a scroll of fog
Casting: Foxfire (safe; 1% risk of failure)
Confirm with . or Enter, or press ? or * to list all spells.
You conjure some foxfire! 😎 MP[-1]
You lost 1 mp, and now have 11/12 mp.
s - a scroll labelled BEIDUO SELLI 😎 MP[+1]
Your mp is fully restored (12).
Found a shimmering altar of Xom.
A malevolent force fills the Dungeon...
You fall into a shaft and drop 3 floors!
The shaft crumbles and collapses.
An orc comes into view. It is wielding a +0 short sword.
An orc is nearby!
Unknown command.
Casting: Foxfire (safe; 1% risk of failure)
Confirm with . or Enter, or press ? or * to list all spells.
You conjure some foxfire!
The foxfire hits the orc.
The orc shouts!
The foxfire hits the orc.
You hear a shout! x2 😎 MP[-1]
You lost 1 mp, and now have 11/12 mp.
Casting: Foxfire (safe; 1% risk of failure)
Confirm with . or Enter, or press ? or * to list all spells.
You conjure some foxfire!
A centaur comes into view.
The centaur wields a +0 orcbow.
The centaur shoots an arrow.
The arrow closely misses you.
The foxfire hits the orc.
You kill the orc!
The foxfire hits the centaur. 😎 MP[-1]
You lost 1 mp, and now have 10/12 mp.
Casting: Foxfire (safe; 1% risk of failure)
Confirm with . or Enter, or press ? or * to list all spells.
You conjure some foxfire!
The foxfire hits the centaur but does no damage.
The foxfire hits the centaur.
The centaur shoots an arrow.
The arrow hits you! 😮 HP[-8] MP[-1]
You take 8 damage, and now have 24/32 hp.
MASSIVE DAMAGE!! (PAUSE)
You lost 1 mp, and now have 9/12 mp.
The centaur unwields a +0 orcbow.
The centaur hits you. The centaur completely misses you.
An orc comes into view. It is wielding a +4 dagger. 😮 HP[-5]
You take 5 damage, and now have 19/32 hp.
Casting: Foxfire (safe; 1% risk of failure)
Confirm with . or Enter, or press ? or * to list all spells.
You conjure some foxfire!
The centaur misses you. The centaur closely misses you. The centaur hits you.
* * * LOW HITPOINT WARNING * * *
The centaur misses you.
An orc comes into view.
It is wielding a +0 short sword of holy wrath.
The foxfire hits the centaur. x2
The centaur hits you but does no damage.
The centaur kicks you.
* * * LOW HITPOINT WARNING * * *
😨 HP[-5]
You take 5 damage, and now have 14/32 hp.
Unknown command.
Casting: Foxfire (safe; 1% risk of failure)
Confirm with . or Enter, or press ? or * to list all spells.
Flames lash the orc.
The orc's fire resistance burns away.
The centaur misses you. The centaur kicks you.
* * * LOW HITPOINT WARNING * * *
The centaur hits you.
* * * LOW HITPOINT WARNING * * *
The centaur barely misses you. The orc hits you with a +4 dagger!
You die...

Skill      XL: |  1  2  3  4  5  6 |
---------------+-------------------+-----
Conjurations   | 2 3 4 5 |  5.8
Fire Magic     | 4 5 |  5.7
Spellcasting   | 3 |  3.3
Dodging        | |  2.1
Stealth        | |  2.0

Action                     |  1- 3 |  4- 6 || total
---------------------------+-------+-------++-------
  Melee: Unarmed           |    10 |       ||    10
         Kick              |     3 |     1 ||     4
         Peck              |     1 |       ||     1
         Short sword       |       |     3 ||     3
   Cast: Foxfire           |    65 |    54 ||   119
         Scorch            |     3 |     8 ||    11
    Use: Scroll            |     7 |       ||     7
 Armour: Robe              |    22 |    14 ||    36
  Dodge: Dodged            |    17 |    25 ||    42

Levels and vault maps discovered:
D:1:      scummos_arrival_simple_fountains, layout_loops_ring
D:2:      layout_rooms
D:3:      minmay_angry_zag, layout_loops_ring
D:4:      layout_rooms, uniq_duvessa
D:5:      layout_gridville, ashenzari_conservatory_becter,
          mainiacjoe_overflow_large_starburst, nemelex_spade_bored_becter,
          nicolae_shop_clearance, uniq_menkaure
D:8:      layout_loops_cross, david_lair_generic, serial_shops, shop,
          minmay_holes, minmay_ruined_shrine

Notes
Turn   | Place    | Note
-------+----------+-------------------------------------------
     0 | D:1      | kae the Tengu Fire Elementalist began the quest for the
                  | Orb.
     0 | D:1      | Reached XP level 1. HP: 10/10 MP: 4/4
     0 | D:1      | magus.rc [v1.11.3]
   143 | D:1      | Reached skill level 2 in Conjurations
   143 | D:1      | Reached XP level 2. HP: 15/15 MP: 3/6
   143 | D:1      | magus.rc [v1.11.3]
   143 | D:1      | magus.rc [v1.11.3]
   211 | D:1      | You pick up a book of Spatial Translocations and begin
                  | reading...
   211 | D:1      | You add the spells Blink, Momentum Strike and Lesser
                  | Beckoning to your library.
   803 | D:2      | Learned a level 2 spell: Scorch
   845 | D:2      | Reached XP level 3. HP: 17/19 MP: 3/7
  1001 | D:2      | Reached skill level 4 in Fire Magic
  1011 | D:2      | Reached skill level 3 in Conjurations
  1640 | D:3      | Learned a level 3 spell: Inner Flame
  1644 | D:3      | Identified a scroll of acquirement
  1644 | D:3      | Acquired the ring of Ratamaf {rElec rF+ rC+ Dex+2}
  1722 | D:3      | Reached XP level 4. HP: 24/24 MP: 2/8
  2206 | D:3      | You pick up a book of Burglary and begin reading...
  2206 | D:3      | You add the spells Ensorcelled Hibernation, Swiftness and
                  | Passwall to your library.
  2217 | D:3      | You pick up a book of Necromancy and begin reading...
  2217 | D:3      | You add the spells Necrotise, Vampiric Draining, Martyr's
                  | Knell and Curse of Agony to your library.
  2521 | D:4      | Reached skill level 4 in Conjurations
  2521 | D:4      | Reached XP level 5. HP: 28/28 MP: 5/9
  2730 | D:4      | Noticed Duvessa
  2731 | D:4      | Noticed Dowan
  2758 | D:5      | Entered Level 5 of the Dungeon
  2766 | D:5      | Reached skill level 3 in Spellcasting
  2766 | D:5      | Reached skill level 5 in Fire Magic
  2766 | D:5      | Reached XP level 6. HP: 13/32 MP: 2/11
  2771 | D:5      | HP: 8/32 [poisoned by a scorpion]
  2898 | D:5      | Found Hugi Fou's CLEARANCE SALE!.
  2924 | D:5      | Reached skill level 5 in Conjurations
  2929 | D:5      | Noticed Menkaure
  2938 | D:5      | Killed Menkaure
  3049 | D:5      | Found an ancient bone altar of Kikubaaqudgha.
  3072 | D:5      | Found a shimmering altar of Xom.
  3090 | D:5      | You fall into a shaft and drop 3 floors!
  3101 | D:8      | HP: 7/32 [centaur (6)]
  3101 | D:8      | Slain by an orc

Vanquished Creatures
  Menkaure (D:5)
  2 scorpions (D:5)
  A hound (D:4)
  2 iguanas (D:4)
  An adder (D:3)
  A dart slug (D:1)
  A ribbon worm (D:3)
  14 orcs
  3 endoplasms
  A giant cockroach (D:1)
  7 goblins
  6 hobgoblins
  6 jackals
  5 quokkas
  4 ball pythons
  4 bats
  A frilled lizard (D:3)
  7 kobolds
  5 rats
72 creatures vanquished.

Vanquished Creatures (others)
  192 foxfires
192 creatures vanquished.

Grand Total: 264 creatures vanquished

Table legend:
 A = Non-vault XP
 B = Vault XP
 C = Vault XP percentage of total XP
 D = Non-vault monster count
 E = Vault monster count
 F = Vault count percentage of total count
                 A         B        C        D         E       F
            +---------+---------+-------+---------+---------+-------
      Total |     406 |     193 |  32.2 |      67 |       5 |   6.9
            +---------+---------+-------+---------+---------+-------
        D:1 |      32 |       0 |   0.0 |      19 |       0 |   0.0
        D:2 |      43 |       0 |   0.0 |      22 |       0 |   0.0
        D:3 |      36 |      18 |  33.3 |      15 |       4 |  21.1
        D:4 |     117 |       0 |   0.0 |       5 |       0 |   0.0
        D:5 |     175 |     175 |  50.0 |       5 |       1 |  16.7
        D:8 |       3 |       0 |   0.0 |       1 |       0 |   0.0
            +---------+---------+-------+---------+---------+-------

Skill      XL: |  1  2  3  4  5  6 |
---------------+-------------------+-----
Conjurations   | 2 3 4 5 |  5.8
Fire Magic     | 4 5 |  5.7
Spellcasting   | 3 |  3.3
Dodging        | |  2.1
Stealth        | |  2.0

Action                     |  1- 3 |  4- 6 || total
---------------------------+-------+-------++-------
  Melee: Unarmed           |    10 |       ||    10
         Kick              |     3 |     1 ||     4
         Peck              |     1 |       ||     1
         Short sword       |       |     3 ||     3
   Cast: Foxfire           |    65 |    54 ||   119
         Scorch            |     3 |     8 ||    11
    Use: Scroll            |     7 |       ||     7
 Armour: Robe              |    22 |    14 ||    36
  Dodge: Dodged            |    17 |    25 ||    42

Illustrated notes

Table legend:
 A = Kills in this place as a percentage of kills in the entire game.
 B = Kills by you in this place as a percentage of kills by you in the entire game.
 C = Kills by friends in this place as a percentage of kills by friends in the entire game.
 D = Other kills in this place as a percentage of other kills in the entire game.
 E = Experience gained in this place as a percentage of experience gained in the entire game.
 F = Experience gained in this place divided by the number of levels of this place that you have seen.
                   A       B       C       D       E      F
               +-------+-------+-------+-------+-------+----------------------
         Total | 100.0 | 100.0 |   N/A |   N/A | 100.0 |  99.8
       Dungeon | 100.0 | 100.0 |   N/A |   N/A | 100.0 |  99.8
               +-------+-------+-------+-------+-------+----------------------

Table legend: (Time is in decaauts)
 A = Elapsed time spent in this place.
 B = Non-inter-level travel time spent in this place.
 C = Inter-level travel time spent in this place.
 D = Time resting spent in this place.
 E = Time spent auto-exploring this place.
 F = Levels seen in this place.
 G = Mean time per level.
                   A        B        C        D        E       F      G
               +--------+--------+--------+--------+--------+-----+--------+
         Total |   3101 |   3015 |     86 |     92 |   2463 |   6 |  516.8 |
       Dungeon |   3101 |   3015 |     86 |     92 |   2463 |   6 |  516.8 |
               +--------+--------+--------+--------+--------+-----+--------+

Top non-repeatable levels by time:
     D:1: 936 daAuts
     D:3: 878 daAuts
     D:2: 700 daAuts
     D:5: 331 daAuts
     D:4: 243 daAuts
     D:8: 10 daAuts
